AA - U28
PORTLAND SEA DOGS @ HARTFORD YARD GOATS
08/21/2061
 
TOP OF THE 1ST
Wichita Pilots batting - Pitching for Hartford Yard Goats : RHP Mark Yoder
Pitching: RHP Mark Yoder
Batting: RHB Ben Carpenter 0-0: Swinging Strike
0-1: Ball
1-1: Swinging Strike
1-2: Ball
2-2: Foul Ball, location: 2F
2-2: Strikes out looking
Batting: RHB Matt Augustus 0-0: Ball
1-0: Called Strike
1-1: Ball
2-1: Swinging Strike
2-2: Ball
3-2: Base on Balls
Batting: LHB Joel Emmons 0-0: Ball
1-0: Called Strike
1-1: Fly out, F7 (Flyball, 78XD, EV 104.4 MPH)
Batting: RHB Zak French 0-0: Called Strike
0-1: Ball
1-1: Ball
2-1: Swinging Strike
2-2: Strikes out swinging
Top of the 1st over - 0 runs, 0 hits, 0 errors, 1 left on base; Wichita 0 - Hartford 0
BOTTOM OF THE 1ST
Hartford Yard Goats batting - Pitching for Wichita Pilots : RHP Victor Cobos
Pitching: RHP Victor Cobos
Batting: SHB Paul Schultz 0-0: Ball
1-0: Called Strike
1-1: Ball
2-1: Ball
3-1: Foul Ball, location: 2F
3-2: Fly out, F9 (Flyball, 89M, EV 83.1 MPH)
Batting: LHB Alfonso Melendez 0-0: Ball
1-0: Ball
2-0: Foul Ball, location: 2F
2-1: Ball
3-1: Foul Ball, location: 2F
3-2: Base on Balls
Batting: SHB Jun Carvajal 0-0: Called Strike
0-1: Called Strike
0-2: Ball
1-2: Strikes out swinging
Batting: LHB Jesse Gougeon 0-0: Ball
1-0: Fielders Choice at 2nd, 5-4 (Groundball, 5, EV 100.0 MPH)
Bottom of the 1st over - 0 runs, 0 hits, 0 errors, 1 left on base; Wichita 0 - Hartford 0
TOP OF THE 2ND
Wichita Pilots batting - Pitching for Hartford Yard Goats : RHP Mark Yoder
Batting: RHB Mike Young 0-0: Ball
1-0: DOUBLE (Line Drive, 78M, EV 104.4 MPH)
Batting: RHB Mitch Ireland 0-0: Ball
1-0: Ball
2-0: Foul Ball, location: 2F
2-1: Ground out 5-3 (Groundball, 5S, EV 87.5 MPH)
Batting: RHB Heishu Sasaki 0-0: Ball
1-0: Fly out, F8 (Line Drive, 8RD, EV 86.2 MPH)
Batting: LHB Daryl McClain 0-0: Foul Ball, location: 2F
0-1: Ball
1-1: Swinging Strike
1-2: Ball
2-2: Fly out, F8 (Flyball, 89S, EV 83.8 MPH)
Top of the 2nd over - 0 runs, 1 hit, 0 errors, 1 left on base; Wichita 0 - Hartford 0
BOTTOM OF THE 2ND
Hartford Yard Goats batting - Pitching for Wichita Pilots : RHP Victor Cobos
Batting: RHB Adam Medwid 0-0: Ball
1-0: Called Strike
1-1: Called Strike
1-2: Strikes out looking
Batting: RHB Ángelo Pérez 0-0: Swinging Strike
0-1: Ball
1-1: Fly out, F7 (Flyball, 7, EV 95.6 MPH)
Batting: SHB Shawn Norman 0-0: Ball
1-0: Swinging Strike
1-1: Fly out, F7 (Flyball, 7LM, EV 96.2 MPH)
Bottom of the 2nd over - 0 runs, 0 hits, 0 errors, 0 left on base; Wichita 0 - Hartford 0
TOP OF THE 3RD
Wichita Pilots batting - Pitching for Hartford Yard Goats : RHP Mark Yoder
Batting: RHB Luis de Leon 0-0: Ball
1-0: Ball
2-0: Swinging Strike
2-1: Ball
3-1: Fly out, F9 (Flyball, 9LS, EV 88.8 MPH)
Batting: RHB Ben Carpenter 0-0: Foul Ball, location: 2F
0-1: Ball
1-1: Foul Ball, location: 2F
1-2: DOUBLE (Groundball, 3L, EV 96.9 MPH)
Batting: RHB Matt Augustus 0-0: Ball
1-0: Foul Ball, location: 2F
1-1: Ball
2-1: Fly out, F7 (Flyball, 78XD, EV 104.4 MPH)
Batting: LHB Joel Emmons 0-0: Foul Ball, location: 2F
0-1: Ball
1-1: Single, Error in OF, E7, batter to second base (Line Drive, 7S, EV 106.9 MPH)
Ben Carpenter scores
Batting: RHB Zak French 0-0: Ball
1-0: Ball
2-0: Called Strike
2-1: 2-RUN HOME RUN (Flyball, 7D, EV 95.0 MPH), Distance : 363 ft
Batting: RHB Mike Young 0-0: Ball
1-0: SINGLE (Line Drive, 34D, EV 96.9 MPH)
Batting: RHB Mitch Ireland 0-0: Called Strike
0-1: Hit by Pitch
Mike Young to second
Batting: RHB Heishu Sasaki 0-0: Ground out 4-3 (Groundball, 4S, EV 71.9 MPH)
Top of the 3rd over - 3 runs, 4 hits, 1 error, 2 left on base; Wichita 3 - Hartford 0
BOTTOM OF THE 3RD
Hartford Yard Goats batting - Pitching for Wichita Pilots : RHP Victor Cobos
Batting: RHB Logan Johnson 0-0: Foul Ball, location: 2F
0-1: Foul Ball, location: 2F
0-2: SINGLE (Line Drive, 4D, EV 105.6 MPH)
Batting: RHB Cuauhtémoc Morin 0-0: Ball
1-0: Called Strike
1-1: Swinging Strike
1-2: Ball
2-2: Fielders Choice at 2nd, 3-6 (Groundball, 34S, EV 84.4 MPH)
Batting: SHB Paul Schultz 0-0: Called Strike
0-1: Ball
1-1: Ball
2-1: Ball
3-1: Base on Balls
Cuauhtémoc Morin to second
Batting: LHB Alfonso Melendez 0-0: SINGLE (Groundball, 6MD, EV 99.4 MPH)
Cuauhtémoc Morin to third
Paul Schultz to second
Runner from 3rd tries for Home, SAFE, throw by CF to home
Batting: SHB Jun Carvajal 0-0: Hit by Pitch
Paul Schultz to third
Alfonso Melendez to second
Batting: LHB Jesse Gougeon 0-0: Fly out, F8 (Flyball, 8RXD, EV 82.5 MPH)
Runner from 3rd tags up, SCORES, no throw by CF
Batting: RHB Adam Medwid 0-0: Called Strike
0-1: Foul Ball, location: 2F
0-2: Ball
1-2: Strikes out swinging
Bottom of the 3rd over - 2 runs, 2 hits, 0 errors, 2 left on base; Wichita 3 - Hartford 2
TOP OF THE 4TH
Wichita Pilots batting - Pitching for Hartford Yard Goats : RHP Mark Yoder
Batting: LHB Daryl McClain 0-0: Swinging Strike
0-1: Foul Ball, location: 2F
0-2: Ball
1-2: DOUBLE (Line Drive, 9LM, EV 98.1 MPH)
Batting: RHB Luis de Leon 0-0: Ball
1-0: Swinging Strike
1-1: Ball
2-1: Foul Ball, location: 2F
2-2: SINGLE (Groundball, 56D, EV 99.4 MPH)
Daryl McClain to third
Batting: RHB Ben Carpenter 0-0: Fielders Choice at 2nd, 6-4 (Groundball, 6D, EV 105.6 MPH)
Daryl McClain scores
Batting: RHB Matt Augustus 0-0: Ball
1-0: Foul Ball, location: 2F
1-1: Ball
2-1: Foul Ball, location: 2F
2-2: Fly out, F9 (Flyball, 89S, EV 88.1 MPH)
Batting: LHB Joel Emmons 0-0: Ball
Ben Carpenter steals 2nd base (no throw)
1-0: Called Strike
1-1: Called Strike
1-2: Foul Ball, location: 2F
1-2: Ball
2-2: Ball
3-2: Base on Balls
Batting: RHB Zak French 0-0: Ball
1-0: Foul Ball, location: 2F
1-1: Swinging Strike
1-2: DOUBLE (Flyball, 8RXD, EV 106.9 MPH)
Ben Carpenter scores
Joel Emmons to third
Runner from 3rd tries for Home, SAFE, no throw by CF
Pitching: RHP Esequiel Quezada
Batting: RHB Mike Young 0-0: Ball
1-0: Called Strike
1-1: Swinging Strike
1-2: Ball
2-2: Ball
3-2: Strikes out swinging
Top of the 4th over - 3 runs, 3 hits, 0 errors, 1 left on base; Wichita 6 - Hartford 2
BOTTOM OF THE 4TH
Hartford Yard Goats batting - Pitching for Wichita Pilots : RHP Victor Cobos
Batting: RHB Ángelo Pérez 0-0: Ball
1-0: SINGLE (Line Drive, 8LS, EV 94.4 MPH)
Batting: SHB Shawn Norman 0-0: Ball
1-0: Ball
2-0: Ball
3-0: Called Strike
3-1: Base on Balls
Ángelo Pérez to second
Batting: RHB Logan Johnson 0-0: Ball
1-0: Grounds into double play, 4-6-3 (Groundball, 34, EV 85.6 MPH)
Ángelo Pérez to third
Batting: RHB Cuauhtémoc Morin 0-0: Called Strike
0-1: Ground out 4-3 (Groundball, 4, EV 104.4 MPH)
Bottom of the 4th over - 0 runs, 1 hit, 0 errors, 1 left on base; Wichita 6 - Hartford 2
TOP OF THE 5TH
Wichita Pilots batting - Pitching for Hartford Yard Goats : RHP Esequiel Quezada
Batting: RHB Mitch Ireland 0-0: Ball
1-0: SINGLE (Groundball, 34D, EV 101.2 MPH)
Batting: RHB Heishu Sasaki 0-0: Bunted foul
0-1: Bunted foul
0-2: Ball
1-2: Foul Ball, location: 2F
1-2: Fly out, F9 (Flyball, 9LS, EV 96.2 MPH)
Batting: LHB Daryl McClain 0-0: SINGLE (Line Drive, 5D, EV 96.2 MPH)
Mitch Ireland to second
Batting: RHB Luis de Leon 0-0: Ball
1-0: Called Strike
1-1: Foul Ball, location: 2F
1-2: Strikes out swinging
Batting: RHB Ben Carpenter 0-0: Called Strike
0-1: Ball
1-1: Ball
2-1: Foul Ball, location: 2F
2-2: Strikes out swinging
Top of the 5th over - 0 runs, 2 hits, 0 errors, 2 left on base; Wichita 6 - Hartford 2
BOTTOM OF THE 5TH
Hartford Yard Goats batting - Pitching for Wichita Pilots : RHP Victor Cobos
Batting: SHB Paul Schultz 0-0: Foul Ball, location: 2F
0-1: Foul Ball, location: 2F
0-2: Strikes out swinging
Batting: LHB Alfonso Melendez 0-0: Called Strike
0-1: Fly out, F5 (Popup, 5S, EV 73.8 MPH)
Batting: SHB Jun Carvajal 0-0: Ball
1-0: Foul Ball, location: 2F
1-1: Called Strike
1-2: Ball
2-2: Ball
3-2: Foul Ball, location: 2F
3-2: Foul Ball, location: 2F
3-2: Fly out, F8 (Line Drive, 8LD, EV 85.6 MPH)
Bottom of the 5th over - 0 runs, 0 hits, 0 errors, 0 left on base; Wichita 6 - Hartford 2
TOP OF THE 6TH
Wichita Pilots batting - Pitching for Hartford Yard Goats : RHP Esequiel Quezada
Batting: RHB Matt Augustus 0-0: Called Strike
0-1: Ball
1-1: Ball
2-1: DOUBLE (Line Drive, 9LM, EV 103.8 MPH)
Batting: LHB Joel Emmons 0-0: Called Strike
0-1: Called Strike
0-2: Fly out, F6 (Flyball, 56D, EV 85.6 MPH)
Pitching: RHP Carty Temple
Batting: RHB Zak French 0-0: Foul Ball, location: 2F
0-1: Ball
Wild Pitch!
Matt Augustus to third
1-1: Swinging Strike
1-2: Strikes out looking
Batting: RHB Mike Young 0-0: Hit by Pitch
Batting: RHB Mitch Ireland 0-0: Ball
1-0: Ball
2-0: Called Strike
2-1: Fly out, F8 (Flyball, 89D, EV 105.6 MPH)
Top of the 6th over - 0 runs, 1 hit, 0 errors, 2 left on base; Wichita 6 - Hartford 2
BOTTOM OF THE 6TH
Hartford Yard Goats batting - Pitching for Wichita Pilots : RHP Victor Cobos
Batting: LHB Jesse Gougeon 0-0: Foul Ball, location: 2F
0-1: Foul Ball, location: 2F
0-2: SINGLE (Groundball, 56D, EV 98.1 MPH)
Batting: RHB Adam Medwid 0-0: Called Strike
0-1: Foul Ball, location: 2F
0-2: Foul Ball, location: 2F
0-2: Ball
1-2: Foul Ball, location: 2F
1-2: Strikes out swinging
Batting: RHB Ángelo Pérez 0-0: Called Strike
0-1: Foul Ball, location: 2F
0-2: Ball
1-2: Strikes out swinging
Batting: SHB Shawn Norman 0-0: Ball
1-0: Foul Ball, location: 2F
1-1: Foul Ball, location: 2F
1-2: Foul Ball, location: 2F
1-2: Ball
2-2: Ball
3-2: Strikes out looking
Bottom of the 6th over - 0 runs, 1 hit, 0 errors, 1 left on base; Wichita 6 - Hartford 2
TOP OF THE 7TH
Wichita Pilots batting - Pitching for Hartford Yard Goats : RHP Carty Temple
Batting: RHB Heishu Sasaki 0-0: Ball
1-0: SINGLE (Line Drive, 7LM, EV 103.8 MPH)
Batting: LHB Daryl McClain 0-0: Ball
1-0: Ball
2-0: Sac Bunt to 2L - play at first, batter OUT! 2-4
Heishu Sasaki to second
Batting: RHB Luis de Leon 0-0: Ground out 4-3 (Groundball, 4, EV 88.1 MPH)
Heishu Sasaki to third
Batting: RHB Ben Carpenter 0-0: Called Strike
0-1: Ball
1-1: Called Strike
1-2: Strikes out swinging
Top of the 7th over - 0 runs, 1 hit, 0 errors, 1 left on base; Wichita 6 - Hartford 2
BOTTOM OF THE 7TH
Hartford Yard Goats batting - Pitching for Wichita Pilots : RHP Victor Cobos
Batting: RHB Logan Johnson 0-0: Called Strike
0-1: Foul Ball, location: 2F
0-2: Foul Ball, location: 2F
0-2: Foul Ball, location: 2F
0-2: Fly out, F3 (Popup, 23F, EV 90.6 MPH)
Pitching: RHP Miles Stover
Batting: RHB Cuauhtémoc Morin 0-0: Called Strike
0-1: Foul Ball, location: 2F
0-2: Ground out 5-3 (Groundball, 56, EV 90.0 MPH)
Batting: SHB Paul Schultz 0-0: Ball
1-0: Ball
2-0: Fly out, F8 (Flyball, 8RD, EV 101.2 MPH)
Bottom of the 7th over - 0 runs, 0 hits, 0 errors, 0 left on base; Wichita 6 - Hartford 2
TOP OF THE 8TH
Wichita Pilots batting - Pitching for Hartford Yard Goats : RHP Carty Temple
Batting: RHB Matt Augustus 0-0: Ball
1-0: Called Strike
1-1: Foul Ball, location: 2F
1-2: SINGLE (Flyball, 4D, EV 80.6 MPH)
Batting: LHB Joel Emmons 0-0: SINGLE (Line Drive, 3D, EV 95.6 MPH)
Matt Augustus to second
Runner from 2nd tries for 3rd, SAFE, no throw by RF
Batting: RHB Zak French 0-0: Ball
1-0: SINGLE (Groundball, 6MD, EV 103.8 MPH)
Matt Augustus scores
Joel Emmons to second
Batting: RHB Mike Young 0-0: Called Strike
0-1: Foul Ball, location: 2F
0-2: Ball
1-2: Ball
2-2: Ball
3-2: Foul Ball, location: 2F
3-2: Strikes out swinging
Batting: RHB Mitch Ireland 0-0: Ball
1-0: Called Strike
1-1: Ball
2-1: Foul Ball, location: 2F
2-2: Ball
3-2: Strikes out swinging
Batting: RHB Heishu Sasaki 0-0: Fly out, F3 (Popup, 3S, EV 68.1 MPH)
Top of the 8th over - 1 run, 3 hits, 0 errors, 2 left on base; Wichita 7 - Hartford 2
BOTTOM OF THE 8TH
Hartford Yard Goats batting - Pitching for Wichita Pilots : RHP Miles Stover
Batting: LHB Alfonso Melendez 0-0: Ball
1-0: Foul Ball, location: 2F
1-1: Ball
2-1: SINGLE (Flyball, 7S, EV 86.2 MPH) - OUT at second base trying to stretch hit.
Batting: SHB Jun Carvajal 0-0: Called Strike
0-1: Ball
1-1: Hit by Pitch
Batting: LHB Jesse Gougeon 0-0: Foul Ball, location: 2F
0-1: Ball
1-1: 2-RUN HOME RUN (Flyball, 9LD, EV 96.2 MPH), Distance : 340 ft
Batting: RHB Adam Medwid 0-0: Foul Ball, location: 2F
0-1: Called Strike
0-2: Ball
1-2: Fly out, F9 (Flyball, 9D, EV 96.9 MPH)
Batting: RHB Ángelo Pérez 0-0: Called Strike
0-1: SINGLE (Flyball, 89S, EV 91.2 MPH)
Batting: SHB Shawn Norman 0-0: Ball
1-0: Ground out 4-3 (Groundball, 34D, EV 90.0 MPH)
Bottom of the 8th over - 2 runs, 3 hits, 0 errors, 1 left on base; Wichita 7 - Hartford 4
TOP OF THE 9TH
Wichita Pilots batting - Pitching for Hartford Yard Goats : RHP Carty Temple
Batting: LHB Daryl McClain 0-0: Called Strike
0-1: Ball
1-1: Swinging Strike
1-2: Foul Ball, location: 2F
1-2: Strikes out swinging, 2-3 out at first.
Batting: RHB Luis de Leon 0-0: Ball
1-0: Called Strike
1-1: Foul Ball, location: 2F
1-2: Ball
2-2: Foul Ball, location: 2F
2-2: Ball
3-2: SINGLE (Flyball, 3D, EV 86.9 MPH)
Pitching: LHP Crescencio Lugo
Batting: RHB Ben Carpenter 0-0: Grounds into double play, 4-6-3 (Groundball, 4S, EV 87.5 MPH)
Top of the 9th over - 0 runs, 1 hit, 0 errors, 0 left on base; Wichita 7 - Hartford 4
BOTTOM OF THE 9TH
Hartford Yard Goats batting - Pitching for Wichita Pilots : RHP Miles Stover
Batting: RHB Logan Johnson 0-0: Called Strike
0-1: Fly out, F8 (Flyball, 78XD, EV 97.5 MPH)
Pinch Hitting: SHB Martin Fraga 0-0: Called Strike
0-1: Foul Ball, location: 2F
0-2: Ball
1-2: SINGLE (Flyball, 5D, EV 86.2 MPH)
Batting: SHB Paul Schultz 0-0: Ball
1-0: Foul Ball, location: 2F
1-1: Ball
2-1: SINGLE (Groundball, 5S, EV 63.8 MPH) (infield hit)
Martin Fraga to second
Batting: LHB Alfonso Melendez 0-0: Ball
1-0: Ball
2-0: Ball
3-0: Base on Balls
Martin Fraga to third
Paul Schultz to second
Batting: SHB Jun Carvajal 0-0: Called Strike
0-1: Foul Ball, location: 2F
0-2: DOUBLE (Flyball, 8LXD, EV 98.8 MPH)
Martin Fraga scores
Paul Schultz scores
Alfonso Melendez to third
Batting: LHB Jesse Gougeon 0-0: Intentional Walk
Pitching: RHP Ricky Acevedo
Batting: RHB Adam Medwid 0-0: Called Strike
0-1: Swinging Strike
0-2: Ball
1-2: Ball
2-2: Strikes out swinging
Batting: RHB Ángelo Pérez 0-0: Called Strike
0-1: Ball
1-1: SINGLE (Groundball, 34D, EV 96.2 MPH)
Alfonso Melendez scores
Jun Carvajal to third
Jesse Gougeon to second
Runner from 3rd tries for Home, SAFE, throw by RF to home
Bottom of the 9th over - 4 runs, 4 hits, 0 errors, 0 left on base; Wichita 7 - Hartford 8
Game Over ... Hartford defeats Wichita, 8 to 7
Thursday, March 27th , 2025 - OOTP Baseball 25.11 Build 104